Map: Void Training Stage 3

Players

NoteLikeThis - Winner!

  • Race: Protoss Protoss

Player 2

  • Race: Zerg Zerg

VOD

Have the link to the VOD?

Description

Time

  • Played on: Nov. 25, 2015, 2:26 p.m.
  • Length: 8:16
Show
View Real Time Build Order
Export as new Build Order

NoteLikeThis Protoss - Winner!

Build Orders: Blink Stalkers 

Get SALT Encoding   

  12  0:01  Probe (Chrono Boost)  
  13  0:11  Probe (Chrono Boost)  
  14  0:19  Pylon  
  14  0:24  Probe (Chrono Boost)  
  15  0:37  Probe (Chrono Boost)  
  16  0:47  Gateway  
  16  0:48  Probe (Chrono Boost)  
  17  0:56  Assimilator  
  17  0:58  Probe (Chrono Boost), Assimilator  
  18  1:09  Probe (Chrono Boost)  
  18  1:10  Pylon  
  19  1:19  Probe (Chrono Boost)  
  20  1:30  Probe (Chrono Boost)  
  21  1:34  Cybernetics Core  
  21  1:40  Probe (Chrono Boost)  
  21  1:44  Zealot (Chrono Boost)  
  24  1:50  Probe  
  25  2:00  Pylon  
  25  2:14  Warp Gate (Chrono Boost)  
  25  2:21  Nexus  
  25  2:22  Probe  
  26  2:32  Probe  
  27  2:41  Twilight Council  
  27  2:43  Probe  
  28  2:53  Probe  
  28  2:56  Pylon  
  29  3:03  Gateway  
  29  3:04  Probe  
  30  3:20  Blink (Chrono Boost)  
  30  3:21  Stalker (Chrono Boost)  
  32  3:32  Forge  
  30  3:37  Mothership Core  
  32  3:51  Gateway  
  32  4:02  Protoss Ground Weapons Level 1 (Chrono Boost)  
  32  4:12  Stalker  
  32  4:13  Stalker  
  32  4:16  Probe  
  36  4:19  Probe  
  38  4:26  Probe  
  38  4:29  Assimilator  
  39  4:31  Probe  
  39  4:36  Stalker x2  
  39  4:37  Probe  
  45  4:52  Probe  
  46  5:01  Stalker, Pylon  
  46  5:02  Stalker x2, Probe  
  53  5:13  Probe  
  54  5:26  Dark Shrine  
  54  5:27  Gateway  
  54  5:30  Gateway  
  54  5:33  Zealot  
  54  5:34  Zealot x2  
  60  5:37  Probe  
  60  5:42  Pylon  
  61  5:44  Probe  
  61  5:48  Probe  
  63  5:58  Probe  
  62  6:07  Stalker  
  62  6:08  Nexus  
  62  6:09  Sentry, Probe  
  62  6:11  Sentry  
  69  6:16  Pylon  
  69  6:20  Pylon  
  69  6:21  Probe  
  69  6:25  Assimilator  
  70  6:41  Stalker x4  
  70  6:42  Stalker  
  80  7:13  Dark Templar x5  
Show
View Real Time Build Order
Export as new Build Order

Player 2 Zerg 

Build Orders: Pool First 

Get SALT Encoding   

  12  0:00  Drone  
  13  0:13  Overlord  
  13  0:18  Drone  
  14  0:31  Drone  
  14  0:34  Drone  
  16  0:42  Spawning Pool  
  16  0:46  Drone  
  16  0:50  Drone  
  16  0:53  Extractor  
  16  0:56  Drone  
  17  1:06  Overlord  
  17  1:31  Queen, Zergling x2  
  20  1:39  Drone  
  21  1:40  Roach Warren, Extractor  
  21  1:42  Zergling x2  
  20  1:49  Drone  
  21  2:00  Drone  
  22  2:16  Overlord  
  22  2:22  Roach  
  24  2:32  Roach  
  26  2:43  Roach  
  28  2:45  Overlord  
  28  2:50  Drone  
  29  2:54  Roach  
  31  2:59  Drone  
  32  3:09  Baneling Nest  
  32  3:10  Drone, Roach  
  34  3:13  Drone  
  34  3:16  Drone  
  36  3:21  Drone  
  37  3:31  Evolution Chamber  
  37  3:32  Drone  
  37  3:41  Overlord, Roach  
  37  3:42  Drone  
  40  5:16  Lair, Drone, Overlord  
  40  5:19  Spore Crawler, Drone  
  40  5:20  Spore Crawler  
  40  5:22  Drone  
  40  5:25  Hatchery  
  40  5:45  Drone  
  40  5:51  Zergling x2  
  36  5:57  Spine Crawler  
  36  5:58  Drone  
  36  6:04  Roach  
  30  6:13  Queen  
  30  6:14  Overseer x2  
  30  6:15  Roach  
  30  6:16  Hydralisk Den  
  30  6:17  Drone  
  34  6:19  Infestation Pit  
  34  6:20  Drone  
  34  6:22  Spire  
  34  6:25  Drone  
  34  6:27  Roach  
  36  6:38  Drone, Roach  
  38  6:42  Drone  
  38  6:45  Drone  
  38  6:48  Drone  
  38  6:50  Roach  
  39  6:55  Drone  
  39  6:57  Roach  
  40  7:02  Drone  
  40  7:04  Roach  
  41  7:11  Roach  
  41  7:23  Zergling x2  
  41  7:26  Drone  
  41  7:29  Drone  
  39  7:34  Hydralisk  
  37  7:38  Queen  
  37  7:41  Zergling x2  
  36  7:48  Hatchery  
  34  7:52  Hydralisk  
  19  8:00  Drone  
Tags
 
Add a new tag
Caveats
  • Supply blocks, unpowered buildings, or Contaminate may cause inaccurate times.
  • Supply counts are checked every 10 seconds.